 Dungeon Crawl Stone Soup version 0.29.1-15-g9cfb28693d (webtiles) character file.

Game seed: 13330229167658450932

7458 Madmarshman the Cleaver (level 10, -3/93 HPs)
             Began as a Minotaur Berserker on Apr 6, 2023.
             Was a High Priest of Trog.
             Slain by a wyvern (12 damage)
             ... summoned by an orange crystal statue
             ... on level 10 of the Dungeon.
             The game lasted 00:55:22 (10246 turns).

Madmarshman the Cleaver (Minotaur Berserker)       Turns: 10246, Time: 00:55:23

Health: -3/93      AC: 26    Str: 27    XL:     10   Next: 94%
Magic:  2/9        EV: 10    Int:  4    God:    Trog [*****.]
Gold:   519        SH:  0    Dex:  9    Spells: 9/9 levels left

rFire   . . .      SeeInvis .   a - +6 broad axe (vorpal)
rCold   . . .      Faith    +   (no shield)
rNeg    . . .      Spirit   .   M - +0 plate armour
rPois   .          Reflect  .   (helmet restricted)
rElec   .          Harm     .   w - +2 cloak {rCorr}
rCorr   +          Rampage  .   R - +0 pair of gloves
Will    +....                   A - +2 pair of boots
Stlth   ..........              B - amulet of faith
HPRegen 0.25/turn               s - ring of willpower
MPRegen 0.11/turn               u - +4 ring of protection

@: on berserk cooldown
A: horns 2, retaliatory headbutt
a: Renounce Religion, Berserk, Trog's Hand, Brothers in Arms


You were on level 10 of the Dungeon.
You worshipped Trog.
Trog was extremely pleased with you.
You visited 1 branch of the dungeon, and saw 10 of its levels.

You collected 687 gold pieces.
You spent 168 gold pieces at shops.

Inventory:

Hand Weapons
 a - a +6 vorpal broad axe (weapon)
 b - a +2 sling of flaming
 o - a +1 flail of draining
 r - a +0 mace
 x - a +1 war axe
 F - a +0 battleaxe
 P - a +1 falchion of holy wrath
Missiles
 f - 54 stones (quivered)
 h - 6 curare-tipped darts
 D - 3 throwing nets
 N - 2 boomerangs
 S - 18 poisoned darts
Armour
 i - a +3 ring mail of poison resistance
 v - a +0 scale mail
 w - a +2 cloak of preservation (worn)
 A - a +2 pair of boots (worn)
 M - a +0 plate armour (worn)
 R - a +0 pair of gloves (worn)
Jewellery
 s - a ring of willpower (left hand)
 u - a +4 ring of protection (right hand)
 z - a ring of positive energy
 B - an amulet of faith (around neck)
 H - a ring of flight
Wands
 y - a wand of mindburst (7)
 I - a wand of iceblast (11)
 O - a wand of quicksilver (14)
Scrolls
 c - 3 scrolls of amnesia
 d - 3 scrolls of immolation
 l - a scroll of blinking
 p - 2 scrolls of teleportation
 q - a scroll of enchant weapon
 E - 3 scrolls of identify
 L - a scroll of magic mapping
 Q - a scroll of acquirement {unknown}
Potions
 e - 3 potions of attraction
 g - 3 potions of brilliance
 j - 3 potions of mutation {unknown}
 k - 3 potions of magic
 m - 2 potions of invisibility
 n - 2 potions of lignification {unknown}
 t - a potion of resistance {unknown}
 C - 4 potions of curing {unknown}
 G - a potion of berserk rage {unknown}
 J - a potion of heal wounds {unknown}
 K - a potion of degeneration {unknown}


   Skills:
 + Level 9.8 Fighting
 * Level 13.1 Axes
 + Level 9.4 Armour
 + Level 8.6 Dodging


You had 9 spell levels left.
You didn't know any spells.
Your spell library was empty.

Dungeon Overview and Level Annotations

Branches:
Dungeon (10/15)            Temple (0/1) D:7            Lair (0/5) D:9
    Orc: D:9-12

Altars:
Ashenzari
Makhleb
Qazlal
Trog
Uskayaw
The Shining One

Shops:
D:7 (

Annotations:
D:5 3 runed translucent doors, Quickbrownfox's ghost, amateur OpIE; burchardtist's ghost, novice TrFi; ciphuk's ghost, amateur GnVM
D:10 exclusion: orange crystal statue


Innate Abilities, Weirdness & Mutations

You have a pair of horns on your head.
You reflexively headbutt those who attack you in melee.


Message History

The centaur barely misses you.
The centaur hits you but does no damage.
The centaur kicks you but does no damage.
You slash the centaur!
You kill the centaur!
The centaur's corpse dissolves into shadows!
The orange crystal statue glitters.
You resist with almost no effort.
The orange crystal statue glitters.
You resist with almost no effort.
The orange crystal statue glitters.
You slash the orange crystal statue!
You headbutt the orange crystal statue, but do no damage.
The orange crystal statue is lightly damaged.
You slash the wyvern! x2
Your skin stops crawling.
You feel less strong-willed. The wyvern bites you.
The wyvern bites you but does no damage.
The wyvern misses you. The wyvern bites you!
You hit the orange crystal statue but do no damage.
You headbutt the orange crystal statue, but do no damage.
The orange crystal statue is lightly damaged.
You slice the troll!! You hit the wyvern but do no damage.
You slash the wyvern! The wyvern closely misses you. The wyvern bites you!
* * * LOW HITPOINT WARNING * * *
The troll bites you!
* * * LOW HITPOINT WARNING * * *
The troll claws you but does no damage. The troll closely misses you.
The orange crystal statue fixes its piercing gaze on you.
Something tries to feed on your intellect!
The wyvern bites you but does no damage.
The wyvern misses you.
You slash the orange crystal statue!
The orange crystal statue is heavily damaged.
You hit the troll but do no damage. You hit the wyvern. You slash the wyvern!
You kill the wyvern!
The wyvern's corpse dissolves into shadows!
You feel yourself speed up. The wyvern bites you!
You die...

###..........#
#............#
#............#
#............#
#.............
#...........# ####
#....T8$....# ...#
#....l@.....# # ...###
####...........#..
.....#
#.................
....[###.........(....#.
..#...##..............#
..#...##.........$#..##
#.###.##..........##.#
#......#†.........# .#
###.##.'..........# .


You could see an orange crystal statue, a troll (summoned) and a wyvern
(summoned).

Vanquished Creatures
  2 wyverns (D:9)
  15 yaks
  5 humans (D:9)
  A basilisk (D:9)
  4 steam dragons
  2 water moccasins
  An orc warrior (D:8)
  Duvessa (D:7)
  2 black bears
  A sky beast (D:6)
  An ice beast (D:7)
  3 ogres
  3 centaurs
  A phantom (D:5)
  A kobold brigand (D:9)
  3 bullfrogs
  A gnoll sergeant (D:7)
  3 scorpions
  Dowan (D:7)
  12 killer bees
  4 howler monkeys
  3 orc priests
  Crazy Yiuf (D:4)
  A gnoll bouda (D:6)
  7 hounds
  4 jellies
  3 iguanas
  9 orc wizards
  20 gnolls
  3 adders
  A white imp (D:8)
  2 ufetubi
  3 worms
  3 dart slugs
  18 orcs
  5 endoplasms
  7 giant cockroaches
  8 goblins
  5 hobgoblins
  6 quokkas
  5 ball pythons
  6 bats
  5 frilled lizards
  10 kobolds
  9 rats
  2 toadstools (D:2)
213 creatures vanquished.

Vanquished Creatures (others)
  10 fungi
  2 plants (D:7)
  A toadstool (D:2)
  4 withered plants (D:5)
17 creatures vanquished.

Grand Total: 230 creatures vanquished

Notes
Turn   | Place    | Note
-------+----------+-------------------------------------------
     0 | D:1      | Madmarshman the Minotaur Berserker began the quest for the
                  | Orb.
     0 | D:1      | Reached XP level 1. HP: 19/19 MP: 0/0
   531 | D:1      | Reached XP level 2. HP: 27/27 MP: 1/1
   648 | D:1      | Reached skill level 4 in Axes
  1211 | D:2      | Reached XP level 3. HP: 32/33 MP: 2/2
  1213 | D:2      | Reached ** piety under Trog
  1549 | D:2      | Reached XP level 4. HP: 38/40 MP: 3/3
  2076 | D:3      | Found a faded altar of an unknown god.
  2184 | D:3      | Found a glowing golden altar of the Shining One.
  2461 | D:3      | Reached skill level 5 in Axes
  3032 | D:3      | Found a hide-covered altar of Uskayaw.
  3189 | D:3      | Found a stormy altar of Qazlal.
  3302 | D:4      | Reached XP level 5. HP: 45/47 MP: 4/4
  3829 | D:4      | Found a runed translucent door.
  3830 | D:4      | Noticed Crazy Yiuf
  3837 | D:4      | Killed Crazy Yiuf
  3964 | D:4      | Reached skill level 5 in Fighting
  3964 | D:4      | Reached skill level 6 in Axes
  3964 | D:4      | Reached XP level 6. HP: 31/56 MP: 5/5
  4579 | D:4      | Reached *** piety under Trog
  4948 | D:5      | Entered Level 5 of the Dungeon
  5091 | D:5      | Reached XP level 7. HP: 61/61 MP: 6/6
  5362 | D:5      | Found a runed translucent gate.
  5363 | D:5      | Found a runed translucent gate.
  5363 | D:5      | Found a runed translucent gate.
  5364 | D:5      | Noticed burchardtist's ghost (novice TrFi)
  5364 | D:5      | Noticed ciphuk's ghost (amateur GnVM)
  5364 | D:5      | Noticed Quickbrownfox's ghost (amateur OpIE)
  5627 | D:5      | Reached skill level 7 in Axes
  5629 | D:5      | Identified the +5 short sword "Earthworm" {vorpal, Int+5
                  | Stlth+}
  5853 | D:6      | Reached skill level 5 in Armour
  6193 | D:6      | Reached skill level 5 in Dodging
  6193 | D:6      | Reached XP level 8. HP: 70/70 MP: 7/7
  6203 | D:6      | Reached skill level 8 in Axes
  6537 | D:6      | Reached skill level 9 in Axes
  6726 | D:6      | Found a bloodstained altar of Trog.
  6934 | D:7      | Identified the +2 robe of the First Snow {*Slow rF+++
                  | Stlth+}
  6955 | D:7      | Reached **** piety under Trog
  7235 | D:7      | Found a staircase to the Ecumenical Temple.
  7350 | D:7      | Reached XP level 9. HP: 72/79 MP: 8/8
  7790 | D:7      | Reached skill level 10 in Axes
  7917 | D:7      | Found Gumer's Antique Weapon Emporium.
  7920 | D:7      | Bought a glowing broad axe for 168 gold pieces
  8056 | D:7      | Found a broken altar of Ashenzari.
  8113 | D:7      | Noticed Dowan
  8115 | D:7      | Noticed Duvessa
  8121 | D:7      | Killed Duvessa
  8122 | D:7      | Killed Dowan
  8266 | D:8      | Found a burning altar of Makhleb.
  8466 | D:8      | Reached skill level 11 in Axes
  8629 | D:8      | Reached XP level 10. HP: 57/90 MP: 9/9
  9284 | D:9      | Reached ***** piety under Trog
  9285 | D:9      | Reached skill level 12 in Axes
  9630 | D:9      | Found a staircase to the Lair.
 10019 | D:9      | Reached skill level 13 in Axes
 10115 | D:10     | Entered Level 10 of the Dungeon
 10193 | D:10     | Noticed an orange crystal statue
 10227 | D:10     | Noticed a two-headed ogre
 10246 | D:10     | Slain by a wyvern

Illustrated notes

Levels and vault maps discovered:
D:1:      minmay_arrival_glassed_features, layout_loops_corners, serial_glass,
          glass_columns_c, glass_columns_b
D:2:      layout_basic, minmay_gold_behind_fungi, minmay_rat_gold_closets
D:3:      layout_loops_corners, mainiacjoe_overflow_alcove_4,
          lemuel_round_altar, lemuel_coloured_pillars_altar,
          gup_sewer_entry_glass, basic_ecumenical_altar, serial_park_tiny_1,
          minmay_misc_feat_more_columns
D:4:      layout_basic, uniq_crazy_yiuf_cottage
D:5:      layout_gridville, gammafunk_ghost_cemetery, kennysheep_doodads
D:6:      layout_loops_ring, amcnicky_altar_gilded
D:7:      layout_gridville, mainiacjoe_overflow_alcove_1,
          minmay_temple_entry_gardened_gates, serial_shops, kennysheep_mini,
          wad_mini_maze, uniq_duvessa
D:8:      layout_loops_cross, makhleb_blood_cavern_becter, st_stairs_11
D:9:      layout_gridville, david_lair_generic, minmay_ruffians
D:10:     layout_roguey, grunt_gozag_breadcrumbs,
          nicolae_ru_great_annihilating_truth, orc_0_dummy, minivault_5,
          hangedman_abyss_or_decor_stabs, minivault_16,
          minmay_misc_feat_four_crosses, uniq_grum

Skill      XL: |  1  2  3  4  5  6  7  8  9 10 |
---------------+-------------------------------+-----
Axes           | 4 5 6 7 9 11 13 | 13.1
Fighting       | 4 5 6 7 8 9 |  9.8
Armour         | 3 4 5 6 8 9 |  9.4
Dodging        | 3 4 5 6 7 8 |  8.6

Action                   |  1- 3 |  4- 6 |  7- 9 | 10-12 || total
-------------------------+-------+-------+-------+-------++-------
Melee: Hand axe          |    83 |   161 |       |       ||   244
       Headbutt          |     6 |    33 |    39 |    15 ||    93
       Punch             |       |     1 |     2 |       ||     3
       War axe           |       |     3 |   177 |       ||   180
       Broad axe         |       |       |    51 |   109 ||   160
 Fire: Sling             |     2 |       |       |     3 ||     5
Invok: Trog's Hand       |       |     1 |     1 |     3 ||     5
       Berserk           |       |     1 |     1 |     1 ||     3
  Use: Scroll            |     5 |     4 |     6 |       ||    15
 Stab: Distracted        |       |       |     1 |       ||     1
Armor: Leather armour    |     5 |       |       |       ||     5
       Ring mail         |    31 |    44 |   110 |       ||   185
       Plate armour      |       |       |    10 |   140 ||   150
Dodge: Dodged            |    50 |    82 |   140 |    94 ||   366
